 Dungeon Crawl Stone Soup version 0.23.1 (webtiles) character file.

Game seed: 0

21444 Jannitor the Archer (level 12, -4/110 HPs)
             Began as a Centaur Chaos Knight on Mar 5, 2019.
             Was a Plaything of Xom.
             Killed from afar by a lava snake (9 damage)
             ... with a glob of lava
             ... in a volcano on Mar 6, 2019.
             The game lasted 00:38:43 (14952 turns).

Jannitor the Archer (Centaur Chaos Knight)         Turns: 14952, Time: 00:38:43

Health: -4/110     AC: 17    Str: 25    XL:     12   Next: 54%
Magic:  12/12      EV: 10    Int: 15    God:    Xom [......]
Gold:   578        SH:  0    Dex: 13    Spells: 11/11 levels left

rFire    + . .     SeeInvis .   a - +0 glaive (elec)
rCold    . . .     Gourm    .   (shield currently unavailable)
rNeg     . . .     Faith    .   r - +5 ring mail of Demons {Str+3}
rPois    .         Spirit   .   (helmet restricted)
rElec    .         Reflect  .   S - +0 cloak
rCorr    .         Harm     .   C - +0 pair of gloves
MR       +....                  (no barding)
Stlth    +.........             (no amulet)
HPRegen  0.28/turn              E - ring of protection from magic
MPRegen  0.13/turn              D - ring of protection from fire

@: lethally poisoned (-4 -> -19), very quick
A: large, beak, hooves 3, horns 1, thin skeletal structure 1, yellow scales 1,
agile 1, blurry vision 1, clever 2, deformed body, speed 2, sense surroundings
1, strong 1, tough skin 3, wild magic 1, MP-powered wands
a: Renounce Religion


You were in a volcano.
You worshipped Xom.
You were a very special plaything of Xom.
You were not hungry.

You visited 2 branches of the dungeon, and saw 13 of its levels.
You also visited: Sewer and Volcano.

You collected 690 gold pieces.
You spent 112 gold pieces at shops.

Inventory:

Hand Weapons
 a - a +0 glaive of electrocution (weapon)
 b - a +1 longbow of flaming
 I - a +0 shortbow
 K - a +1 trident of chaos
 W - the +12 Vampire's Tooth {vamp}
   (You found it on level 11 of the Dungeon)

   It inflicts no extra harm, but heals its wielder when it wounds a living foe.
Missiles
 v - 68 arrows
Armour
 p - a +0 scale mail
 r - the +5 ring mail of Demons (worn) {Str+3}
   (You found it on level 8 of the Dungeon)

   It affects your strength (+3).
 t - a +2 leather armour
 C - a +0 pair of gloves (worn)
 F - a +0 plate armour
 Q - a +1 chain mail of fire resistance
 S - a +0 cloak (worn)
Jewellery
 u - an uncursed ring of magical power
 D - a ring of protection from fire (right hand)
 E - a ring of protection from magic (left hand)
 O - a +3 ring of dexterity
 T - an uncursed ring of positive energy
Wands
 g - a wand of disintegration (12)
 w - a wand of paralysis (4)
 x - a wand of enslavement (13)
 z - a wand of flame (38)
 H - a wand of acid (3)
 J - a wand of random effects (14)
 R - a wand of digging (4)
Scrolls
 e - 3 scrolls of fog
 y - 3 scrolls of remove curse
 A - a scroll of enchant armour
Potions
 d - 3 potions of cancellation
 j - 2 potions of berserk rage
 k - 3 potions of haste
 l - 2 potions of lignification
 m - a potion of resistance
 n - 2 potions of flight
 o - 3 potions of brilliance
 s - 2 potions of magic
 P - 2 potions of ambrosia
Miscellaneous
 h - a sack of spiders
 N - a lamp of fire (inert)
Comestibles
 c - 27 rations


   Skills:
 + Level 11.1 Fighting
 + Level 10.2 Polearms
 + Level 12.0 Bows
 + Level 8.5 Armour
 - Level 2.9 Dodging


You had 11 spell levels left.
You didn't know any spells.
Your spell library contained the following spells:

 Spells                   Type           Power        Failure   Level  Hunger
 Corona                   Hex            #......      45%         1    ##.....
 Flame Tongue             Conj/Fire      #....        45%         1    ##.....
 Sting                    Conj/Pois      #...         45%         1    ##.....
 Ensorcelled Hibernation  Hex/Ice        #.....       58%         2    ###....
 Poisonous Vapours        Pois/Air       #.....       58%         2    ###....
 Throw Flame              Conj/Fire      #.....       58%         2    ###....
 Confuse                  Hex            #.......     82%         3    ####...
 Conjure Flame            Conj/Fire      #.......     82%         3    ####...
 Dazzling Spray           Conj/Hex       #.....       82%         3    ####...
 Inner Flame              Hex/Fire       #.......     82%         3    ####...
 Mephitic Cloud           Conj/Pois/Air  #.......     82%         3    ####...
 Tukima's Dance           Hex            #.......     82%         3    ####...
 Cause Fear               Hex            #.........   99%         4    #####..
 Olgreb's Toxic Radiance  Pois           #.......     99%         4    #####..
 Sticky Flame             Conj/Fire      #.......     99%         4    #####..
 Bolt of Magma            Conj/Fire/Erth #.........   100%        5    ######.
 Fireball                 Conj/Fire      #.........   100%        5    ######.
 Iskenderun's Battlesphe  Conj/Chrm      #.......     100%        5    ######.
 Silence                  Hex/Air        #.........   100%        5    ######.
 Venom Bolt               Conj/Pois      #.........   100%        5    ######.
 Yara's Violent Unravell  Hex/Tmut       #.........   100%        5    ######.
 Deflect Missiles         Chrm/Air       #.........   100%        6    #######
 Iron Shot                Conj/Erth      #.........   100%        6    #######
 Orb of Destruction       Conj           #.........   100%        7    #######
 Spellforged Servitor     Conj/Summ      #.........   100%        7    #######
 Discord                  Hex            #.........   100%        8    #######


Dungeon Overview and Level Annotations

Branches:
Dungeon (12/15)            Temple (0/1) D:4            Lair (1/6) D:11
    Orc (0/2) D:10

Altars:
Ashenzari
Elyvilon
Hepliaklqana
Kikubaaqudgha
Nemelex Xobeh
Ru
Uskayaw
Xom
Yredelemnul
Zin

Shops:
D:7 !*   D:12 *

Portals:
Trove: D:11 (give 8 potions of haste)


Innate Abilities, Weirdness & Mutations

You have hooves in place of feet.
Armour fits poorly on your strangely shaped body.
You cover ground very quickly.
You have extremely tough skin. (AC +3)
You have a beak for a mouth.
You have a pair of small horns on your head.
You have a somewhat thin skeletal structure. (Dex +2, Stealth)
You are partially covered in yellow scales. (AC +2)
You are agile. (Dex +2)
Scrolls take you a little longer to read.
Your mind is very acute. (Int +4)
You passively map a small area around you.
Your muscles are strong. (Str +2)
Your spells are a little harder to cast, but a little more powerful.
You expend magic power (3 MP) to strengthen your wands.


Message History

The salamander partially resists.
The salamander hits you with a +1 trident of venom!
* * * LOW HITPOINT WARNING * * *
You are engulfed in flames.
You resist.
* * * LOW HITPOINT WARNING * * *
You are lethally poisoned!
Unknown command.
Do you really want to go berserk while wielding your +1 longbow of flaming?
Okay, then.
Wield which item (- for none, * to show all)? (? for menu, Esc to quit)
Your +1 longbow of flaming stops flaming.
You hear the crackle of electricity.
a - a +0 glaive of electrocution (weapon)
The air gets thick with the scent of sulphur.
* * * LOW HITPOINT WARNING * * *
You feel sick. The lava snake spits lava at you. The glob of lava hits you!
You partially resist.
You die...
Xom titters!

.§≈≈≈§§≈§≈≈≈≈≈.°°# ,, * #N#,*,,
≈≈§≈≈§§§≈≈§§..§..#,, ,#N#,*,,,,
.≈§≈§≈§§§§..≈≈≈§.# ,, #N#,*,,,
.≈≈≈§≈≈≈..≈§§≈≈..## ***,#.#.#####
.§≈≈§≈§.≈≈≈≈§≈≈≈.#..,, #(#......
.§≈§..≈§≈≈≈≈≈≈≈..###++ *#)###++##
.§.§≈§§≈≈≈≈≈≈§≈..# , ,*,...,*,,,
≈≈≈≈≈§≈§≈§≈≈≈≈≈≈N# ,, .8_8.*,,∩,
≈≈≈§≈≈§≈≈≈§≈≈≈≈.@#,, +.....+, ,
≈§≈≈≈≈§§≈≈≈≈≈≈≈≈.################
.≈§≈§§§§§≈≈≈≈§≈..N....§..........
..≈§§≈≈§§≈≈≈≈≈S§.≈≈≈.§§§≈≈≈.≈≈≈§≈
..≈≈§≈§≈§§≈≈≈§≈≈≈≈≈≈≈≈≈§≈≈≈≈§≈≈§§
...≈≈§≈≈≈§≈§≈≈§≈≈≈≈≈≈≈≈≈≈≈≈≈≈≈≈§§
...≈≈§§≈≈§≈≈§§§§≈≈≈≈≈≈≈≈≈≈≈§≈≈≈§≈
..≈≈.≈§§§§≈§≈§§§≈≈≈≈≈§≈≈≈≈§§≈§≈≈≈
......§§§§§≈≈≈§§≈§≈≈≈≈≈≈§≈≈§§§≈≈≈


You could see 2 salamanders and a lava snake.

Vanquished Creatures
  Harold (D:7)
  Erolcha (D:10)
  A hydra (D:11)
  A two-headed ogre (D:8)
  Urug (D:10)
  4 skeletal warriors (D:11)
  A salamander mystic (Volcano)
  An ugly thing (D:11)
  A manticore (D:11)
  A salamander (Volcano)
  2 trolls
  4 hippogriffs
  2 dream sheep (D:11)
  A hornet (D:11)
  Sigmund (D:5)
  2 fire bats (Volcano)
  A shadow (D:9)
  2 vampires
  19 yaks
  A wraith (D:11)
  Eustachio (D:5)
  Grum (D:8)
  6 vampire mosquitoes (D:11)
  A soldier ant (D:12)
  An acid dragon (D:11)
  A water moccasin (D:9)
  11 orc warriors
  2 ice beasts
  A sky beast (D:12)
  A phantom (D:5)
  A black bear (D:11)
  4 ogres
  2 necrophages (D:8)
  6 wolves
  A crocodile (Lair:1)
  2 centaurs (D:5)
  12 big kobolds
  4 bullfrogs
  An earth elemental (D:12)
  A scorpion (D:6)
  6 killer bees (D:11)
  8 wights
  2 electric eels
  2 howler monkeys
  5 crimson imps
  4 jellies
  6 lava snakes (Volcano)
  2 quasits
  2 bullfrog skeletons
  3 centaur skeletons
  8 hounds
  9 orc priests
  Terence (D:3)
  3 iguanas
  5 orc wizards
  8 worker ants
  2 hound skeletons
  2 worker ant zombies
  18 adders
  3 gnolls (D:3)
  A river rat (Sewer)
  2 shadow imps
  2 oozes (Sewer)
  An adder zombie (D:5)
  7 worms
  A dart slug (D:1)
  6 leopard geckos
  41 orcs
  5 giant cockroaches
  7 goblins
  10 hobgoblins
  3 jackals (D:2)
  5 quokkas
  5 ball pythons
  6 bats
  2 frilled lizards
  28 kobolds
  13 rats
352 creatures vanquished.

Vanquished Creatures (collateral kills)
  A skeletal warrior (D:11)
  An ice beast (D:6)
  A killer bee zombie (D:6)
3 creatures vanquished.

Vanquished Creatures (others)
  A dancing weapon (D:11)
  Menkaure (D:7)
  A centaur (D:7)
  An orc priest (D:7)
  Ijyb (D:3)
  A worker ant (D:12)
6 creatures vanquished.

Grand Total: 361 creatures vanquished

Notes
Turn   | Place    | Note
-------+----------+-------------------------------------------
     0 | D:1      | Jannitor the Centaur Chaos Knight began the quest for the
                  | Orb.
     0 | D:1      | Reached XP level 1. HP: 19/19 MP: 1/1
    38 | D:1      | XOM: harmless Erth miscast
   116 | D:2      | Reached XP level 2. HP: 9/26 MP: 2/2
   426 | D:2      | Reached skill level 1 in Dodging
   656 | D:2      | Reached XP level 3. HP: 31/31 MP: 3/3
   786 | D:2      | Found a sacrificial altar of Ru.
   828 | D:2      | XOM: silly message
   907 | D:2      | Found a shattered altar of Ashenzari.
   957 | D:2      | XOM: give mutation
   957 | D:2      | Gained mutation: You have a beak for a mouth. [Xom's grace]
  1317 | D:1      | XOM: scenery: create altars
  1810 | D:3      | XOM: god gift: mace {god gift}
  1868 | D:3      | Reached XP level 4. HP: 35/38 MP: 4/4
  1913 | D:3      | Found a white marble altar of Elyvilon.
  1931 | D:3      | Noticed Terence
  1945 | D:3      | Killed Terence
  2023 | D:3      | Found a glowing drain.
  2045 | Sewer    | Entered a sewer
  2270 | Sewer    | Noticed a big kobold
  2282 | Sewer    | Noticed a swamp drake
  2282 | Sewer    | a big kobold changed into a swamp drake
  2282 | Sewer    | XOM: polymorph big kobold -> swamp drake
  2283 | Sewer    | a swamp drake changed into an electric eel
  2283 | Sewer    | XOM: polymorph swamp drake -> electric eel
  2290 | Sewer    | Reached XP level 5. HP: 45/46 MP: 5/5
  2451 | Sewer    | Reached XP level 6. HP: 28/53 MP: 6/6
  2635 | Sewer    | XOM: give mutations
  2635 | Sewer    | Gained mutation: Your flesh is cold resistant. (rC+) [Xom's
                  | grace]
  2635 | Sewer    | Gained mutation: You have a pair of small horns on your
                  | head. [Xom's grace]
  2635 | Sewer    | Gained mutation: Your muscles are strong. (Str +2) [Xom's
                  | grace]
  2635 | Sewer    | Gained mutation: Your mind is acute. (Int +2) [Xom's grace]
  2728 | Sewer    | XOM: confuse monster(s)
  2794 | Sewer    | XOM: fog
  2813 | Sewer    | XOM: cleaving
  2820 | Sewer    | Reached XP level 7. HP: 47/60 MP: 7/7
  3208 | D:3      | Reached skill level 5 in Fighting
  3479 | D:3      | XOM: cloud trail
  3497 | D:3      | Noticed Ijyb
  3509 | D:3      | Killed Ijyb
  3509 | D:3      | XOM: divine lightning
  3779 | D:3      | XOM: give mutations
  3779 | D:3      | Gained mutation: You have a somewhat thin skeletal
                  | structure. (Dex +2, Stealth) [Xom's grace]
  3779 | D:3      | Gained mutation: You are agile. (Dex +2) [Xom's grace]
  3779 | D:3      | Gained mutation: You passively map a small area around you.
                  | [Xom's grace]
  3779 | D:3      | Gained mutation: You expend magic power (3 MP) to
                  | strengthen your wands. [Xom's grace]
  3910 | D:3      | XOM: god gift: glowing trident {god gift}
  3927 | D:3      | XOM: divination: detect items
  4009 | D:3      | XOM: give mutations
  4009 | D:3      | Gained mutation: Your spells are a little harder to cast,
                  | but a little more powerful. [Xom's grace]
  4009 | D:3      | Gained mutation: You are partially covered in yellow
                  | scales. (AC +2) [Xom's grace]
  4297 | D:4      | Found a staircase to the Ecumenical Temple.
  4400 | D:4      | Found an ancient bone altar of Kikubaaqudgha.
  4576 | D:4      | XOM: cloud trail
  4796 | D:4      | XOM: god gift: scroll labeled USCHA UCIABE {god gift}
  4927 | D:5      | Entered Level 5 of the Dungeon
  4972 | D:5      | Noticed Sigmund
  4974 | D:5      | Killed Sigmund
  4974 | D:5      | Reached skill level 5 in Polearms
  4974 | D:5      | Reached XP level 8. HP: 57/70 MP: 8/8
  5071 | D:5      | Found a basalt altar of Yredelemnul.
  5081 | D:5      | Found a sparkling altar of Nemelex Xobeh.
  5112 | D:5      | XOM: 7-stop teleportation journey
  5142 | D:5      | XOM: enchant monster (good)
  5150 | D:5      | Reached skill level 1 in Bows
  5176 | D:5      | XOM: cleaving
  5184 | D:5      | Noticed Eustachio
  5194 | D:5      | Killed Eustachio
  5194 | D:5      | Reached skill level 2 in Bows
  5458 | D:6      | XOM: scenery: create altars
  5472 | D:6      | Reached skill level 3 in Bows
  5483 | D:6      | XOM: scenery: create altars
  5596 | D:6      | XOM: scenery: create altars
  5600 | D:6      | XOM: cloud trail
  5799 | D:6      | XOM: divination: detect creatures
  5808 | D:6      | Reached skill level 4 in Bows
  5937 | D:6      | Reached XP level 9. HP: 76/78 MP: 9/9
  6007 | D:6      | XOM: summons 7 friendly demons
  6198 | D:6      | XOM: god gift: ration
  6375 | D:6      | Reached skill level 5 in Armour
  6614 | D:7      | Noticed Menkaure
  6617 | D:7      | Killed Menkaure
  6617 | D:7      | XOM: divine lightning
  6622 | D:7      | XOM: give mutation
  6622 | D:7      | Gained mutation: Your mind is very acute. (Int +4) [Xom's
                  | grace]
  6673 | D:7      | Found Qeint's General Store.
  6695 | D:7      | Found Ponus's Distillery.
  6704 | D:7      | Reached skill level 5 in Bows
  6706 | D:7      | Bought a potion of curing for 42 gold pieces
  6706 | D:7      | Bought a potion of heal wounds for 70 gold pieces
  6783 | D:7      | XOM: destruction
  6789 | D:7      | XOM: confuse monster(s)
  6880 | D:7      | XOM: potion effect (heal wounds)
  7503 | D:8      | XOM: noise
  7503 | D:8      | Noticed Harold
  7522 | D:7      | Killed Harold
  7522 | D:7      | Reached skill level 6 in Bows
  7731 | D:7      | XOM: cloud trail
  7744 | D:8      | Noticed a two-headed ogre
  7761 | D:8      | Killed a two-headed ogre
  7761 | D:8      | Reached skill level 7 in Bows
  7761 | D:8      | Reached XP level 10. HP: 82/88 MP: 10/10
  7959 | D:8      | XOM: harmless Air miscast
  7961 | D:8      | Got a pitted ring mail
  7972 | D:8      | Identified the +5 ring mail of Demons {Str+3} (You found it
                  | on level 8 of the Dungeon)
  8064 | D:8      | XOM: harmless Summ miscast
  8105 | D:8      | XOM: 1-stop teleportation journey
  8191 | D:8      | Noticed Grum
  8198 | D:8      | Killed Grum
  8339 | D:8      | XOM: 2-stop teleportation journey
  8348 | D:8      | XOM: polymorph orc priest -> bullfrog
  8716 | D:8      | Found a hazy altar of Hepliaklqana.
  8984 | D:9      | Reached skill level 8 in Bows
  9053 | D:9      | XOM: fake destruction
  9133 | D:9      | XOM: god gift: 23 stones
  9376 | D:9      | XOM: god gift: glowing longbow {god gift}
  9577 | D:9      | Found a shimmering altar of Xom.
  9651 | D:9      | Reached skill level 9 in Bows
  9697 | D:9      | Found a glowing silver altar of Zin.
  9946 | D:10     | Entered Level 10 of the Dungeon
  9949 | D:10     | XOM: noise
  9952 | D:10     | Reached XP level 11. HP: 97/97 MP: 11/11
  9995 | D:10     | Noticed Erolcha
  9998 | D:10     | Killed Erolcha
 10013 | D:10     | Found a staircase to the Orcish Mines.
 10045 | D:10     | Noticed Urug
 10051 | D:10     | Killed Urug
 10057 | D:10     | XOM: confuse monster(s)
 10439 | D:9      | XOM: scenery: create altars
 10444 | D:9      | XOM: mild Chrm miscast
 10477 | D:11     | Noticed a skeletal warrior
 10477 | D:11     | Noticed a skeletal warrior
 10649 | D:11     | XOM: polymorph bullfrog -> big kobold
 10651 | D:11     | XOM: swap monsters
 10653 | D:11     | XOM: blink monster(s)
 10655 | D:11     | Reached skill level 10 in Bows
 10661 | D:11     | XOM: smoke on damage
 10771 | D:11     | XOM: 1-stop teleportation journey
 11132 | D:11     | Reached skill level 10 in Fighting
 11139 | D:11     | XOM: divination: detect items
 11167 | D:11     | XOM: harmless Summ miscast
 11346 | D:11     | Noticed a skeletal warrior
 11351 | D:11     | XOM: divination: magic mapping
 11353 | D:11     | XOM: smoke on damage
 11358 | D:11     | XOM: harmless Pois miscast
 11371 | D:11     | XOM: noise
 11709 | D:11     | Noticed a white ugly thing
 11712 | D:11     | XOM: divination: magic mapping
 11720 | D:11     | Killed a white ugly thing
 11769 | D:11     | XOM: enchant monster (bad)
 11777 | D:11     | XOM: enchant monster (good)
 11941 | D:11     | Noticed a skeletal warrior
 12002 | D:11     | XOM: summons friendly crimson imp
 12009 | D:11     | XOM: potion effect (haste)
 12081 | D:11     | XOM: polymorph crimson imp -> iron imp
 12098 | D:11     | Reached skill level 11 in Bows
 12127 | D:11     | Noticed a two-headed hydra
 12132 | D:11     | Killed a two-headed hydra
 12132 | D:11     | Reached XP level 12. HP: 100/107 MP: 12/12
 12153 | D:11     | Found a hide-covered altar of Uskayaw.
 12243 | D:11     | XOM: noise
 12254 | D:11     | Found a staircase to the Lair.
 12255 | D:11     | XOM: mild Chrm miscast
 12444 | D:11     | Found the +12 Vampire's Tooth {vamp}
 12471 | D:11     | XOM: enchant monster (bad)
 12531 | D:11     | XOM: confusion (+ monsters)
 12532 | D:11     | XOM: enchant monster (bad)
 12669 | D:10     | XOM: mild Conj miscast
 12823 | D:11     | XOM: repel stairs
 12846 | D:11     | XOM: mild Necr miscast
 12850 | D:11     | XOM: swap monsters
 12905 | D:11     | XOM: 5-stop teleportation journey
 12907 | D:11     | XOM: destruction
 13224 | D:11     | Found a portal to a secret trove of treasure.
 13384 | D:11     | XOM: summons friendly shadow imp
 13583 | D:11     | Reached skill level 10 in Polearms
 13789 | D:11     | XOM: smoke on damage
 13804 | D:11     | XOM: divination: detect creatures
 14231 | D:12     | XOM: swap monsters
 14239 | D:12     | XOM: silly message
 14240 | D:12     | XOM: blink monster(s)
 14460 | D:12     | Found Upluewed's Pet Rocks.
 14531 | Lair:1   | Entered Level 1 of the Lair of Beasts
 14552 | Lair:1   | XOM: harmless Fire miscast
 14621 | Lair:1   | Found a dark tunnel.
 14626 | Volcano  | Entered a volcano
 14712 | Volcano  | XOM: give mutations
 14712 | Volcano  | Gained mutation: You are frail. (-10% HP) [Xom's mischief]
 14712 | Volcano  | Gained mutation: Scrolls take you a little longer to read.
                  | [Xom's mischief]
 14712 | Volcano  | Lost mutation: You are frail. (-10% HP) [Xom's mischief]
 14712 | Volcano  | Lost mutation: Your flesh is cold resistant. (rC+) [Xom's
                  | mischief]
 14837 | Volcano  | XOM: 3-stop teleportation journey
 14845 | Volcano  | XOM: silly message
 14886 | Volcano  | Found a radiant altar of Vehumet.
 14889 | Volcano  | Reached skill level 12 in Bows
 14896 | Volcano  | XOM: harmless Tloc miscast
 14902 | Volcano  | XOM: harmless Fire miscast
 14932 | Volcano  | XOM: divination: magic mapping
 14949 | Volcano  | XOM: swap monsters
 14952 | Volcano  | HP: 5/110 [poisoned by a salamander]
 14952 | Volcano  | Killed from afar by a lava snake

Skill      XL: |  1  2  3  4  5  6  7  8  9 10 11 12 |
---------------+-------------------------------------+-----
Dodging        | 1 2 |  2.9
Polearms       | 3 4 5 6 7 8 9 10 | 10.2
Armour         | 2 3 4 5 6 7 8 |  8.5
Fighting       | 4 5 6 8 9 10 11 | 11.1
Bows           | 4 7 9 11 12 | 12.0

Action                   |  1- 3 |  4- 6 |  7- 9 | 10-12 || total
-------------------------+-------+-------+-------+-------++-------
Melee: Spear             |   114 |   136 |    81 |       ||   331
       Kick              |    19 |    26 |    48 |    88 ||   181
       Peck              |     5 |    18 |    34 |    61 ||   118
       Headbutt          |       |     5 |    39 |    61 ||   105
       Trident           |       |       |   208 |   321 ||   529
       Longbow           |       |       |       |     3 ||     3
       Glaive            |       |       |       |    82 ||    82
 Fire: Shortbow          |       |       |    10 |    54 ||    64
       Longbow           |       |       |       |   232 ||   232
Evoke: Wand              |       |       |     9 |    11 ||    20
       Lamp of fire      |       |       |       |     1 ||     1
       Sack of spiders   |       |       |       |     1 ||     1
  Use: Scroll            |       |       |    11 |    19 ||    30
       Potion            |       |       |     1 |    12 ||    13
 Stab: Paralysed         |       |       |     7 |     9 ||    16
       Confused          |       |       |     1 |       ||     1
       Sleeping          |       |       |       |     1 ||     1
  Eat: Chunk             |     2 |     3 |    13 |    16 ||    34
       Ration            |       |       |       |     1 ||     1
Armor: Leather armour    |    39 |       |       |       ||    39
       Scale mail        |       |    21 |    48 |       ||    69
       Plate armour      |       |       |    34 |     8 ||    42
       Ring mail         |       |       |       |   230 ||   230
       Skin              |       |       |       |    55 ||    55
Dodge: Dodged            |    29 |    31 |    54 |   206 ||   320
